 Dungeon Crawl Stone Soup version 0.16.0-18-g484a79e (webtiles) character file.

56 RobertPalmer the Caller (level 3, -2/21 HPs)
             Began as an Octopode Summoner on Mar 22, 2015.
             Slain by a kobold
             ... wielding a cursed +0 blowgun
              (4 damage)
             ... on level 3 of the Dungeon.
             The game lasted 00:04:12 (2757 turns).

RobertPalmer the Caller (Octopode Summoner)         Turns: 2757, Time: 00:04:12

Health: -2/21      AC:  1    Str:  7    XL:     3   Next: 95%
Magic:  4/6        EV: 18    Int: 17    God:
Gold:   70         SH:  0    Dex: 18    Spells: 2 memorised, 3 levels left

rFire  . . .     SeeInvis .     n - +0 dagger
rCold  . . .     Clarity  .     (no shield)
rNeg   . . .     SustAb   .     (helmet restricted)
rPois  .         Gourm    .     (no amulet)
rElec  .         Spirit   .     (no ring)
rCorr  .         Warding  .     (no ring)
rMut   .         Stasis   .     (no ring)
MR     .....                    (no ring)
Stlth  +++++.....               (no ring)
                                (no ring)
                                (no ring)
                                (no ring)

@: agile, lethally poisoned (-2 -> -7), slowed, very slow, not resistant to
hostile enchantments, quite stealthy
A: almost no armour, amphibious, 8 rings, constrict 8, camouflage 1, gelatinous
body 1
a: no special abilities


You were on level 3 of the Dungeon.
You were not hungry.

You visited 1 branch of the dungeon, and saw 3 of its levels.

You collected 70 gold pieces.

Inventory:

Hand weapons
 n - a +0 dagger (weapon)
   (You took it off a kobold on level 1 of the Dungeon)
Missiles
 a - 3 stones (quivered)
Scrolls
 d - 2 scrolls of remove curse {unknown}
 e - a scroll of random uselessness {unknown}
 f - a scroll of teleportation {unknown}
 g - 2 scrolls of identify {unknown}
 h - 4 scrolls of immolation {unknown}
 i - a scroll of enchant weapon {unknown}
Books
 b - a book of Callings
Comestibles
 c - a bread ration {@e1}
 m - a slice of pizza
 o - a meat ration {@e2}


   Skills:
 - Level 2.0 Dodging
 - Level 2.6 Stealth
 - Level 2.0 Spellcasting
 + Level 5.4 Summonings


You had 3 spell levels left.
You knew the following spells:

 Your Spells              Type           Power        Failure   Level  Hunger
a - Summon Small Mammal   Summ           ###.         2%          1    #......
c - Call Imp              Summ           ###.....     3%          2    ###....


Dungeon Overview and Level Annotations

Branches:
Dungeon (3/15)

Altars:
Qazlal


Innate Abilities, Weirdness & Mutations

You cannot wear most types of armour.
You are amphibious.
You can wear up to eight rings at the same time.
You can use your tentacles to constrict many enemies at once.
Your skin changes colour to match your surroundings (Stealth).
Your rubbery body absorbs attacks (AC +1).


Message History

The bat hits you but does no damage.
You now have 5/6 mp.
The bat barely misses you. The bat closely misses you.
Your bat barely misses the bat.
You now have 4/6 mp.
The bat hits your bat.
Your bat hits the kobold but does no damage.
Your bat misses the kobold. Something hits your bat.
Your bat dies!
Your bat's corpse disappears in a puff of smoke!
Your quokka bites the kobold but does no damage.
The kobold shouts!
The kobold shoots a curare-tipped needle.
The curare-tipped needle hits you.
You are poisoned.
You have difficulty breathing.
You feel as though you will be slow longer.
You take 7 damage, and have 9/21 hp.
MASSIVE DAMAGE!!
You now have 3/6 mp.
Unknown command.
Unknown command.
Drink which item? (? for menu, Esc to quit)
It was a potion of agility.
You feel agile all of a sudden.
You feel sick.
Your quokka closely misses 4thArraOfDagon's ghost.
The kobold misses your quokka.
Your quokka misses 4thArraOfDagon's ghost. 4thArraOfDagon's ghost barely misses you.
Your quokka bites 4thArraOfDagon's ghost.
The kobold hits your quokka but does no damage.
You take 2 damage, and have 7/21 hp.
You hit 4thArraOfDagon's ghost but do no damage.
* * * LOW HITPOINT WARNING * * *
You feel sick.
Your quokka bites 4thArraOfDagon's ghost but does no damage.
Your quokka closely misses 4thArraOfDagon's ghost. 4thArraOfDagon's ghost barely misses your quokka.
Your quokka barely misses 4thArraOfDagon's ghost.
The kobold hits your quokka but does no damage.
Your quokka misses 4thArraOfDagon's ghost. 4thArraOfDagon's ghost completely misses you.
You take 1 damage, and have 6/21 hp.
You hit 4thArraOfDagon's ghost.
Your quokka barely misses 4thArraOfDagon's ghost.
Your quokka bites 4thArraOfDagon's ghost.
The kobold misses your quokka.
The giant cockroach bites your quokka but does no damage. 4thArraOfDagon's ghost barely misses your quokka.
Your quokka misses 4thArraOfDagon's ghost.
Your quokka bites the giant cockroach but does no damage.
The kobold hits your quokka with a blowgun.
You hit 4thArraOfDagon's ghost. You squeeze 4thArraOfDagon's ghost.
* * * LOW HITPOINT WARNING * * *
You feel sick.
The giant cockroach bites your quokka but does no damage.
Your quokka bites 4thArraOfDagon's ghost. 4thArraOfDagon's ghost closely misses your quokka.
Your quokka bites the giant cockroach but does no damage.
The kobold misses your quokka.
The giant cockroach bites your quokka but does no damage.
Your quokka barely misses 4thArraOfDagon's ghost. 4thArraOfDagon's ghost hits your quokka! 4thArraOfDagon's ghost freezes your quokka.
Your quokka dies!
Your quokka's corpse disappears in a puff of smoke!
Your quokka bites the giant cockroach.
The giant cockroach dies!
Unknown command.
You take 1 damage, and have 5/21 hp.
You hit 4thArraOfDagon's ghost but do no damage.
* * * LOW HITPOINT WARNING * * *
You feel sick. The kobold barely misses your quokka.
Your quokka bites 4thArraOfDagon's ghost but does no damage. 4thArraOfDagon's ghost misses you.
The kobold closely misses your quokka.
You take 1 damage, and have 4/21 hp.
You hit 4thArraOfDagon's ghost but do no damage.
* * * LOW HITPOINT WARNING * * *
You feel sick.
Your quokka bites 4thArraOfDagon's ghost. 4thArraOfDagon's ghost hits your quokka.
There is a sudden explosion of sparks!
Your quokka dies!
Your quokka's corpse disappears in a puff of smoke! 4thArraOfDagon's ghost closely misses you.
You take 1 damage, and have 3/21 hp.
Unknown command.
You hit 4thArraOfDagon's ghost. 4thArraOfDagon's ghost misses you.
The kobold hits you with a blowgun.
* * * LOW HITPOINT WARNING * * *
You take 1 damage, and have 2/21 hp.
You hit 4thArraOfDagon's ghost.
You destroy 4thArraOfDagon's ghost!
You have got your breath back.
* * * LOW HITPOINT WARNING * * *
You feel sick. The bat misses you. The kobold misses you.
The bat closely misses you. The kobold barely misses you.
The kobold hits you with a blowgun.
You die...

#..........#
#..<.......#
###
##.#.....###
#...#
###.#.....#
......#
#.†.#.....#
.......
###.###.....#
.......##...#
......
........#(.###
.....
........@K##
....
.#....#..## .
#.# ...b# ..
.......
....g..
........#
......
.[......
..##.. .......
...... ......
....b. ...
##.b..


You could see a bat and a kobold.

Vanquished Creatures
  An adder (D:2)
  A worm (D:2)
  The ghost of 4thArraOfDagon the Skirmisher, a weakling DrCK of Xom (D:3)
  A giant gecko (D:2)
  A hobgoblin (D:3)
  6 kobolds
  A quokka (D:3)
  7 bats
  3 giant cockroaches
  A giant newt (D:1)
  4 goblins (D:1)
  6 rats
33 creatures vanquished.

Vanquished Creatures (collateral kills)
  A worm (D:1)
  3 bats
  2 goblins
  A quokka (D:2)
  A giant cockroach (D:3)
  A giant newt (D:2)
9 creatures vanquished.

Vanquished Creatures (others)
  A bat (D:3)
  4 quokkas
  3 rats
8 creatures vanquished.

Grand Total: 50 creatures vanquished

Notes
Turn   | Place    | Note
--------------------------------------------------------------
     0 | D:1      | RobertPalmer, the Octopode Summoner, began the quest for the Orb.
     0 | D:1      | Reached XP level 1. HP: 11/11 MP: 3/3
   279 | D:1      | Reached XP level 2. HP: 4/17 MP: 1/4
   283 | D:1      | HP: 3/17 [bat (1)]
   986 | D:1      | Learned a level 2 spell: Call Imp
  1326 | D:1      | Reached XP level 3. HP: 16/21 MP: 6/6
  1572 | D:2      | Reached skill level 5 in Summonings
  1975 | D:2      | Found a stormy altar of Qazlal.
  2161 | D:3      | HP: 5/21 [hobgoblin/club (1)]
  2161 | D:3      | HP: 2/21 [rat (3)]
  2507 | D:2      | HP: 5/21 [adder (4)]
  2742 | D:3      | HP: 5/21 [asphyx]
  2743 | D:3      | Noticed 4thArraOfDagon's ghost (weakling DrCK)
  2752 | D:3      | HP: 5/21 [poisoned by kobold (curare-tipped needle)]
  2755 | D:3      | HP: 2/21 [kobold/blowgun (1)]
  2756 | D:3      | Killed 4thArraOfDagon's ghost
  2757 | D:3      | Slain by a kobold

Action                   || total
-------------------------++-------
Melee: Unarmed           ||     5
       Club              ||    17
       Dagger            ||    63
Throw: Stone             ||    64
 Cast: Summon Small Mamm ||    38
  Use: Potion            ||     4
  Eat: Chunk             ||     5
       Beef jerky        ||     1

Vault maps used:
D:1:      evilmike_arrival_run_for_it
D:2:      nicolae_qazlal_eye_of_the_storm
D:3:      nemelex_diamond_rough_becter

Table legend:
 A = Turns spent in this place as a percentage of turns spent in the entire game.
 B = Non-inter-level travel turns spent in this place as a percentage of non-inter-level travel turns spent in the entire game.
 C = Inter-level travel turns spent in this place as a percentage of turns spent in this place.
 D = Turns resting spent in this place as a percentage of non-inter-level travel turns spent in this place.
 E = Turns spent auto-exploring this place as a percentage of non-inter-level travel turns spent in this place.
 F = Non-inter-level travel turns spent in this place divided by the number of levels of this place that you've seen.
                   A       B       C       D       E      F
               +-------+-------+-------+-------+-------+----------------------
         Total | 100.0 | 100.0 |   1.1 |   3.3 |   7.7 | 212.7
       Dungeon | 100.0 | 100.0 |   1.1 |   3.3 |   7.7 | 212.7
               +-------+-------+-------+-------+-------+----------------------

Table legend:
 A = Kills in this place as a percentage of kills in entire the game.
 B = Kills by you in this place as a percentage of kills by you in the entire game.
 C = Kills by friends in this place as a percentage of kills by friends in the entire game.
 D = Other kills in this place as a percentage of other kills in the entire game.
 E = Experience gained in this place as a percentage of experience gained in the entire game.
 F = Experience gained in this place divided by the number of levels of this place that you have seen.
                   A       B       C       D       E      F
               +-------+-------+-------+-------+-------+----------------------
         Total | 100.0 | 100.0 | 100.0 |  -nan | 100.0 |  26.7
       Dungeon | 100.0 | 100.0 | 100.0 |  -nan | 100.0 |  26.7
               +-------+-------+-------+-------+-------+----------------------
